 Dungeon Crawl Stone Soup version 0.19.4-9-g45fd643 (webtiles) character file.

3094 Morrissey the Basher (level 9, 0/93 HPs)
             Began as an Ogre Hunter on Feb 21, 2017.
             Slain by a yak (7 damage)
             ... on level 8 of the Dungeon.
             The game lasted 00:21:48 (10668 turns).

Morrissey the Basher (Ogre Hunter)                 Turns: 10668, Time: 00:21:48

Health: 0/93       AC:  4    Str: 24    XL:     9   Next: 90%
Magic:  9/9        EV: 11    Int: 10    God:
Gold:   326        SH:  0    Dex: 13    Spells: 2 memorised, 4 levels left

rFire  . . .     SeeInvis .     a - +4 dire flail
rCold  . . .     Gourm    .     b - +1 robe
rNeg   . . .     Faith    .     (shield currently unavailable)
rPois  .         Spirit   .     (helmet restricted)
rElec  .         Reflect  .     (no cloak)
rCorr  .         Harm     .     (gloves unavailable)
MR     .....                    (boots unavailable)
Stlth  +.........               D - amulet of rage
                                F - -3 ring of slaying (curse)
                                J - -3 ring of evasion (curse)

@: mighty, lethally poisoned (0 -> -1)
A: unfitting armour, tough skin 1
a: Evoke Berserk Rage


You were on level 8 of the Dungeon.
You were not hungry.

You visited 2 branches of the dungeon, and saw 9 of its levels.

You collected 326 gold pieces.

Inventory:

Hand Weapons
 a - a +4 dire flail (weapon)
 k - a +1 whip
 t - a +0 flail
 A - a +1 whip of electrocution
 K - a +0 flail
Missiles
 e - 4 large rocks (quivered)
 g - a throwing net
 i - 138 stones
 o - 3 javelins
Armour
 b - a +1 robe (worn)
Jewellery
 m - an uncursed ring of wizardry
 C - an uncursed ring of magical power
 D - an amulet of rage (around neck)
 F - a cursed -3 ring of slaying (right hand)
 I - an uncursed amulet of magic regeneration
 J - a cursed -3 ring of evasion (left hand)
 N - an uncursed ring of stealth {unknown}
Wands
 c - a wand of lightning (4/15)
 z - a wand of acid (0/15)
 L - a wand of flame (1/48)
Scrolls
 d - 3 scrolls of random uselessness {unknown}
 n - a scroll of enchant armour
 u - 4 scrolls of identify
 y - 2 scrolls of noise {unknown}
 B - 2 scrolls of blinking {unknown}
 H - a scroll of enchant weapon
Potions
 q - a potion of lignification
 w - a potion of haste {unknown}
 x - a potion of might
 E - a potion of degeneration
Books
 j - a Young Poisoner's Handbook

   Spells                             Type                      Level
   a - Sting                          Conjuration/Poison           1
   b - Mephitic Cloud                 Conjuration/Poison/Air       3
   c - Olgreb's Toxic Radiance        Poison                       4
   d - Alistair's Intoxication        Transmutation/Poison         5
   e - Venom Bolt                     Conjuration/Poison           5
Comestibles
 f - 5 bread rations
 h - 4 chunks of flesh
 r - a royal jelly
 s - 2 beef jerkies


   Skills:
 + Level 7.5 Fighting
 * Level 10.1 Maces & Flails
 + Level 6.6 Throwing
 * Level 7.5 Dodging
 - Level 0.6 Stealth


You had 4 spell levels left.
You knew the following spells:

 Your Spells              Type           Power        Failure   Level  Hunger
a - Mephitic Cloud        Conj/Pois/Air  #.......     92%         3    ####...
b - Sting                 Conj/Pois      #...         38%         1    ##.....


Dungeon Overview and Level Annotations

Branches:
Dungeon (8/15)             Temple (1/1) D:4            Lair (0/6) D:8

Altars:
Ashenzari
Elyvilon
Fedhas
Gozag
Hepliaklqana
Kikubaaqudgha
Makhleb
Ru
Sif Muna
Uskayaw
Vehumet
Xom
Yredelemnul
Zin
The Shining One
Lugonu

Shops:
D:3 *


Innate Abilities, Weirdness & Mutations

You are too large for most types of armour.
You have tough skin. (AC +1)


Message History

You feel sick.
You feel sick.
There is an open door here.
As you read the scroll labeled USKUTE YRPHOCS, it crumbles to dust.
The scroll dissolves into smoke.
It was a scroll of fog.
You feel less exhausted.
You feel sick.
You feel sick. The yak gores you but does no damage.
As you read the scroll labeled MAIPSEM LACOM, it crumbles to dust.
It is a scroll of identify.
E - a potion of degeneration The yak barely misses you.
As you read the scroll labeled APAOSAPNESS, it crumbles to dust.
It is a scroll of recharging.
Charge which item? (? for menu, Esc to quit)
Your wand of lightning {empty} glows for a moment.
The scorpion stings you.
* * * LOW HITPOINT WARNING * * *
The yak gores you!
You die...

######### ........# ########
...####.#############......#
.....>(.....).......+....[.#
...##.#...)........##......#
.........####...§§§##......######
.#.##.##.####..§§§§##.........##.
...............§@Y§§§§.(.........
.#.#.###÷###...§§s§#####(#.##.##.
.#...###.#.....##### #†#)##....
.>.......#.#...# #)..######
........<#.##### ##..# ####
#...######.# #..# .h..
'..........# ##.#


.hhY #...######## #.####p# ##### #..#.... You could see a yak and a scorpion.

Vanquished Creatures
  The ghost of nikopol the Chopper, an amateur MiBe of Trog (D:3)
  3 hogs (D:8)
  A human (D:8)
  A steam dragon (D:8)
  A hungry ghost (D:8)
  3 sky beasts
  A necrophage (D:6)
  3 centaurs
  2 bullfrogs (D:6)
  2 scorpions (D:4)
  9 wights
  4 howler monkeys
  3 crimson imps
  2 orc priests
  2 hounds (D:4)
  5 orc wizards
  6 iguanas
  2 worker ants
  A howler monkey zombie (D:6)
  3 gnolls (D:6)
  5 adders
  A shadow imp (D:5)
  2 worms (D:2)
  4 dart slugs
  8 leopard geckos
  13 orcs
  4 giant cockroaches
  7 goblins
  11 hobgoblins
  25 jackals
  14 kobolds
  3 quokkas
  A ball python (D:6)
  10 bats
  7 frilled lizards
  A leopard gecko skeleton (D:4)
  2 rats
173 creatures vanquished.

Vanquished Creatures (others)
  An ogre (D:8)
1 creature vanquished.

Grand Total: 174 creatures vanquished

Notes
Turn   | Place    | Note
-------+----------+-------------------------------------------
     0 | D:1      | Morrissey the Ogre Hunter began the quest for the Orb.
     0 | D:1      | Reached XP level 1. HP: 22/22 MP: 1/1
   173 | D:1      | Reached XP level 2. HP: 13/31 MP: 2/2
   572 | D:1      | Reached skill level 1 in Maces & Flails
   667 | D:1      | Reached XP level 3. HP: 34/37 MP: 3/3
  1221 | D:2      | Reached skill level 2 in Maces & Flails
  1341 | D:2      | Reached XP level 4. HP: 46/46 MP: 4/4
  2314 | D:3      | Reached skill level 3 in Maces & Flails
  2386 | D:3      | Reached XP level 5. HP: 45/54 MP: 5/5
  2571 | D:3      | Found an opulent altar of Gozag.
  2578 | D:3      | Found Gozag's Platinum Reserve.
  2724 | D:3      | Noticed nikopol's ghost (amateur MiBe)
  2765 | D:4      | Reached skill level 4 in Maces & Flails
  2765 | D:4      | Reached XP level 6. HP: 11/62 MP: 6/6
  3090 | D:4      | Reached XP level 7. HP: 68/71 MP: 7/7
  3199 | D:4      | Reached skill level 5 in Maces & Flails
  3645 | D:4      | Reached skill level 5 in Throwing
  4269 | D:4      | Reached skill level 5 in Fighting
  5015 | D:5      | Entered Level 5 of the Dungeon
  5075 | D:5      | Found a deep blue altar of Sif Muna.
  5077 | D:5      | Found an ancient bone altar of Kikubaaqudgha.
  5335 | D:4      | Reached skill level 6 in Maces & Flails
  5440 | D:4      | Found a staircase to the Ecumenical Temple.
  5600 | Temple   | Entered the Ecumenical Temple
  5833 | D:5      | Reached skill level 5 in Dodging
  5833 | D:5      | Reached XP level 8. HP: 27/80 MP: 8/8
  7001 | D:6      | Reached skill level 7 in Maces & Flails
  7341 | D:7      | Learned a level 3 spell: Mephitic Cloud
  7344 | D:7      | Learned a level 1 spell: Sting
  7588 | D:7      | Found a blossoming altar of Fedhas.
  8962 | D:6      | Found a burning altar of Makhleb.
  8963 | D:6      | Found a radiant altar of Vehumet.
  8965 | D:6      | Reached skill level 8 in Maces & Flails
  9168 | D:3      | Killed nikopol's ghost
  9168 | D:3      | Reached XP level 9. HP: 91/91 MP: 9/9
  9199 | D:3      | Found a basalt altar of Yredelemnul.
  9254 | D:3      | Found a white marble altar of Elyvilon.
 10101 | D:7      | Reached skill level 9 in Maces & Flails
 10182 | D:8      | Found a staircase to the Lair.
 10629 | D:8      | Reached skill level 10 in Maces & Flails
 10635 | D:8      | HP: 5/139 [hog (4)]
 10650 | D:8      | HP: 4/93 [scorpion (5)]
 10668 | D:8      | Slain by a yak

Skill      XL: |  1  2  3  4  5  6  7  8  9 |
---------------+----------------------------+-----
Fighting       | 3 4 5 6 7 |  7.5
Dodging        | 2 3 4 5 6 7 |  7.5
Maces & Flails | 1 2 3 4 6 8 10 | 10.1
Throwing       | 5 6 |  6.6
Stealth        | |  0.6

Action                   |  1- 3 |  4- 6 |  7- 9 || total
-------------------------+-------+-------+-------++-------
Melee: Short sword       |    22 |       |       ||    22
       Whip              |   129 |    68 |    94 ||   291
       Flail             |       |    35 |   327 ||   362
       Dire flail        |       |       |   129 ||   129
Throw: Large rock        |     9 |       |     5 ||    14
       Throwing net      |     2 |       |     1 ||     3
       Javelin           |    18 |     7 |       ||    25
       Stone             |       |    78 |   126 ||   204
 Cast: Sting             |       |       |     6 ||     6
 Abil: Evoke Berserk Rag |       |       |     4 ||     4
Evoke: Wand              |       |     2 |     3 ||     5
  Use: Scroll            |       |     6 |     6 ||    12
       Potion            |       |       |    10 ||    10
 Stab: Sleeping          |     2 |       |     3 ||     5
  Eat: Chunk             |     2 |     5 |    19 ||    26
       Meat ration       |       |       |     2 ||     2
       Pizza             |       |       |     1 ||     1
Armor: Robe              |    64 |    25 |   107 ||   196
       Skin              |       |       |    13 ||    13
Dodge: Dodged            |    97 |    45 |   292 ||   434
